 Dungeon Crawl Stone Soup version 0.31.0-32-g396128a36d (webtiles) character file.

Game seed: 13668703546948098753

20244 Baz the Fighter (level 13, -8/85 (103) HPs)
             Began as a Djinni Fire Elementalist on Apr 18, 2024.
             Was a High Priest of Makhleb.
             Killed from afar by a laughing skull (21 damage)
             ... with a bolt of negative energy
             ... in a Gauntlet.
             The game lasted 00:27:07 (11925 turns).

Baz the Fighter (Djinni Fire Elementalist)         Turns: 11925, Time: 00:27:09

HP:   -8/85 (103)   AC: 12    Str:  9    XL:     13   Next: 10%
Gold: 397           EV:  7    Int: 25    God:    Makhleb [*****.] SH:  0 Dex: 14

rFire   + + .        K - +5 long sword "Kyamefyg" {venom, Int+5}
rCold   x . .        (no shield)
rNeg    . . .        J - +0 steam dragon scales
rPois   ∞            N - +1 helmet
rElec   .            i - scarf {repulsion}
rCorr   .            G - +2 pair of gloves
SInv    +            (boots unavailable)
Will    ++...        n - amulet of the acrobat
Stlth   ++           c - ring of willpower
HPRegen 0.34/turn    u - ring of see invisible
MPRegen 0.00/turn

%: no teleportation, repel missiles, acrobat, infuse magic (-9 HP)
@: flying, held, studying Earth Magic, heavily drained
A: sickness immunity, fire resistance 2, cold vulnerability 1, float, innate
caster, HP casting, extra vitality 1
a: Renounce Religion, Minor Destruction, Lesser Servant of Makhleb, Major
Destruction, Greater Servant of Makhleb


You were in a Gauntlet.
You worshipped Makhleb.
Makhleb was extremely pleased with you.
You visited 3 branches of the dungeon, and saw 14 of its levels.
You also visited: Gauntlet.

You collected 652 gold pieces.
You spent 255 gold pieces at shops.

Inventory:

Hand Weapons
 K - the +5 long sword "Kyamefyg" (weapon) {venom, Int+5}
   (You bought it in a shop on level 2 of the Dungeon)

   Int+5:     It affects your intelligence (+5).
Armour
 i - a scarf of repulsion (worn)
 r - a +0 kite shield
 G - a +2 pair of gloves (worn)
 J - +0 steam dragon scales (worn)
 N - a +1 helmet (worn)
Jewellery
 c - a ring of willpower (left hand)
 n - an amulet of the acrobat (around neck)
 u - a ring of see invisible (right hand)
 w - an amulet of reflection
 I - an amulet of faith
 O - a +4 ring of protection
 S - a ring of protection from cold
Wands
 a - a wand of polymorph (14)
 q - a wand of paralysis (8)
 t - a wand of acid (5)
 z - a wand of roots (17)
 D - a wand of mindburst (13)
Scrolls
 b - a scroll of teleportation
 f - a scroll of acquirement
 h - a scroll of summoning {unknown}
 l - 2 scrolls of revelation
 p - 3 scrolls of poison
 v - 3 scrolls of noise {unknown}
 y - 2 scrolls of amnesia
 A - 2 scrolls of enchant armour {unknown}
 C - a scroll of fog {unknown}
 E - a scroll of silence {unknown}
 H - 3 scrolls of enchant weapon {unknown}
 P - a scroll of immolation {unknown}
 Q - 2 scrolls of vulnerability {unknown}
 R - a scroll of fear {unknown}
Potions
 d - a potion of ambrosia {unknown}
 e - 2 potions of invisibility {unknown}
 g - 2 potions of attraction
 j - 2 potions of lignification
 k - 2 potions of enlightenment
 m - 5 potions of curing
 o - a potion of might {unknown}
 s - 3 potions of haste
 x - 2 potions of heal wounds {unknown}
 B - 2 potions of brilliance {unknown}
 F - a potion of magic {unknown}
 L - a potion of mutation {unknown}
 M - a potion of resistance {unknown}


   Skills:
 * Level 13.5 Fighting
 + Level 7.5 Armour
 - Level 3.2 Dodging
 - Level 2.0 Stealth
 - Level 4.9 Shields
 * Level 10.5 Spellcasting
 * Level 10.5 Conjurations
 * Level 10.5 Hexes
 * Level 10.5 Summonings
 * Level 10.5 Necromancy
 * Level 10.5 Translocations
 * Level 10.5 Fire Magic
 * Level 10.5 Ice Magic
 * Level 10.5 Air Magic
 * Level 12.2 Earth Magic
 * Level 10.5 Alchemy


You knew the following spells:

 Your Spells              Type           Power      Damage    Failure   Level
a - Foxfire               Conj/Fire      100%       2x1d9     1%          1
b - Scorch                Fire           100%       2d9       1%          2
c - Volatile Blastmotes   Fire/Tloc      100%       2d18      1%          3
d - Inner Flame           Hex/Fire       60%        N/A       1%          3
e - Flame Wave            Conj/Fire      60%        2d14      1%          4
f - Kiss of Death         Conj/Necr      100%       2d13      1%          1
g - Momentum Strike       Conj/Tloc      100%       3d10      1%          2
h - Jinxbite              Hex            100%       N/A       1%          2
i - Manifold Assault      Tloc           60%        N/A       1%          4
j - Dispel Undead         Necr           60%        3d21      1%          4
k - Curse of Agony        Necr           60%        N/A       1%          5
Your spell library was empty.

Dungeon Overview and Level Annotations

Branches:
Dungeon (10/15)            Temple (1/1) D:4            Lair (3/5) D:10
 Shoals (0/4) Lair:3       Spider (0/4) Lair:3      Gauntlet (1/1)
    Orc: D:9-12

Altars:
Ashenzari
Cheibriados
Dithmenos
Elyvilon
Fedhas
Gozag
Hepliaklqana
Makhleb
Nemelex Xobeh
Okawaru
Qazlal
Ru
Trog
Uskayaw
Wu Jian
Xom
Yredelemnul
Zin
The Shining One

Shops:
D:2 (

Annotations:
D:8 2 transporters, Quickbrownfox's ghost, novice OpSh
Lair:1 Fannar Gauntlet 13 transporters, exclusions: 2 lightning spires and oklob plant


Innate Abilities, Weirdness & Mutations

You are immune to sickness and miasma.
You are immune to poison.
Your flesh is very heat resistant. (rF++)
You are vulnerable to cold. (rC-)
You float through the air rather than walking.
You learn spells naturally, not from books.
Your magical power is your life essence.
You have superior vitality. (+4 MHP)


Message History

A wave of flame ripples out!
The flame wave engulfs the laughing skull.
The laughing skull resists.
The laughing skull is lightly damaged.
The flame wave engulfs the laughing skull.
The laughing skull resists.
The laughing skull is lightly damaged.
The flame wave engulfs the laughing skull.
The laughing skull completely resists.
The laughing skull is lightly damaged.
The flame wave engulfs the laughing skull.
The laughing skull resists.
The laughing skull is lightly damaged.
The flame wave engulfs the weeping skull!!
The weeping skull is severely damaged.
You finish channelling waves of flame.
The laughing skull cackles spitefully.
The bolt of negative energy hits you!!!
You feel drained.
Ouch! That really hurt!
* * * LOW HITPOINT WARNING * * *
The bolt of negative energy hits the weeping skull.
The weeping skull completely resists.
The laughing skull headbutts you.
* * * LOW HITPOINT WARNING * * *
The laughing skull headbutts you but does no damage.
The weeping skull enters a dispersal trap!
The laughing skull blinks! x3; You blink.
The laughing skull completely misses you.
Unknown command.
Press: ? - help, v - describe, . - travel
Here: a laughing skull (lightly damaged)
The floor.
You feel better. The laughing skull drops a net on you.
You become entangled in the net!
The laughing skull cackles spitefully.
The bolt of negative energy hits you.
You feel drained.
* * * LOW HITPOINT WARNING * * *
The laughing skull cackles spitefully.
The bolt of negative energy hits you!!
You feel drained.
You die...
The laughing skull crumbles to pieces from sheer joy.

©.........©#§§8≈≈#.#.............
##################.#############.
8§≈≈≈#©...........©...........©#.
#################################
.#.........#.##.......##.#.......
.#..##.##.2#.#.#..z.z#.#.#.......
.#.#..#^.#.#.#..#§§§#..#.#.......
.#.#.©#..#.#.#.z^#©#...#.#.......
.#.^#####^.#.#..@z#^...#.#....©..
.#.#..#..#.#.#...#.#z○.#.#.......
.#^#..#..#.#.#.^#...#.○#.#.......
.#..##.##..#.#.#.....#^#.#....8..
.#2.|.©![..#.##.")©○(.##.#h.??©=.
.###########.###########.########
.................................
∩≈...............................
#################################


You could see a hell beast and 4 laughing skulls.

Vanquished Creatures
  A hydra (D:9)
  2 death yaks (Lair:2)
  A two-headed ogre (D:10)
  A centaur warrior (D:9)
  Sonja (Lair:2)
  A deep elf pyromancer (D:9)
  An ugly thing (D:9)
  A cyclops (D:9)
  A black mamba (Lair:2)
  3 cane toads
  A torpor snail (Lair:2)
  4 komodo dragons
  Prince Ribbit (D:8)
  3 trolls
  5 blink frogs (Lair:2)
  3 dream sheep (Lair:2)
  A wraith (D:9)
  22 yaks
  2 wyverns
  2 basilisks
  A warg (D:10)
  A chaos spawn (Gauntlet)
  A steam dragon (D:7)
  A neqoxec (Gauntlet)
  5 water moccasins
  3 orc warriors
  6 black bears
  2 sky beasts
  A laughing skull (D:9)
  10 wolves
  2 centaurs
  A phantom (D:7)
  13 bullfrogs
  3 kobold brigands
  Blork the orc (D:4)
  2 scorpions
  18 wights
  10 killer bees
  3 howler monkeys (D:8)
  2 bombardier beetles (D:5)
  A hound (D:5)
  A jelly (D:5)
  6 orc priests
  2 gnoll boudas (D:7)
  15 orc wizards
  A sleepcap (D:4)
  9 adders
  12 gnolls
  A shadow imp (D:7)
  2 white imps
  A howler monkey simulacrum (D:9)
  2 dart slugs
  3 ribbon worms (D:2)
  31 orcs
  2 ball pythons (D:3)
  4 bats
  9 endoplasms
  4 giant cockroaches
  4 goblins
  4 hobgoblins
  7 jackals
  4 frilled lizards
  21 kobolds
  5 rats
294 creatures vanquished.

Vanquished Creatures (collateral kills)
  8 foxfires
8 creatures vanquished.

Vanquished Creatures (others)
  1250 foxfires
1250 creatures vanquished.

Grand Total: 1552 creatures vanquished

Notes
Turn   | Place    | Note
-------+----------+-------------------------------------------
     0 | D:1      | Baz the Djinni Fire Elementalist began the quest for the
                  | Orb.
     0 | D:1      | Baz set off with the following spells memorised: Foxfire,
                  | Scorch, Volatile Blastmotes, Inner Flame, Flame Wave.
     0 | D:1      | Reached XP level 1. HP: 15/15 MP: 0/0
   129 | D:1      | Reached XP level 2. HP: 20/21 MP: 0/0
   777 | D:2      | Reached XP level 3. HP: 22/26 MP: 0/0
   777 | D:2      | Learned a level 1 spell: Kiss of Death
   857 | D:2      | Reached skill level 1 in Fighting
  1195 | D:2      | Reached XP level 4. HP: 29/32 MP: 0/0
  1404 | D:2      | Found Bokhlole's Antique Weapon Shop.
  1735 | D:3      | Reached skill level 2 in Fighting
  1735 | D:3      | Reached XP level 5. HP: 32/38 MP: 0/0
  1735 | D:3      | Learned a level 2 spell: Momentum Strike
  2464 | D:4      | Reached skill level 1 in Shields
  2464 | D:4      | Reached XP level 6. HP: 27/45 MP: 0/0
  2739 | D:4      | Noticed a sky beast
  2745 | D:4      | Killed a sky beast
  2746 | D:4      | Reached skill level 3 in Fighting
  2827 | D:4      | Noticed Blork the orc
  2830 | D:4      | Killed Blork the orc
  2831 | D:4      | Reached XP level 7. HP: 40/51 MP: 0/0
  2831 | D:4      | Learned a level 2 spell: Jinxbite
  2880 | D:4      | Found a staircase to the Ecumenical Temple.
  2892 | D:4      | Reached skill level 4 in Fighting
  2932 | Temple   | Entered the Ecumenical Temple
  2943 | Temple   | Became a worshipper of Makhleb the Destroyer
  3145 | D:5      | Entered Level 5 of the Dungeon
  3400 | D:5      | Reached XP level 8. HP: 49/58 MP: 0/0
  3451 | D:5      | Reached skill level 5 in Fighting
  3451 | D:5      | Reached skill level 5 in Spellcasting
  3451 | D:5      | Reached skill level 5 in Conjurations
  3451 | D:5      | Reached skill level 5 in Hexes
  3451 | D:5      | Reached skill level 5 in Summonings
  3451 | D:5      | Reached skill level 5 in Necromancy
  3451 | D:5      | Reached skill level 5 in Translocations
  3451 | D:5      | Reached skill level 5 in Fire Magic
  3451 | D:5      | Reached skill level 5 in Ice Magic
  3451 | D:5      | Reached skill level 5 in Air Magic
  3451 | D:5      | Reached skill level 5 in Earth Magic
  3451 | D:5      | Reached skill level 5 in Alchemy
  4063 | D:6      | Reached skill level 6 in Fighting
  4322 | D:6      | Noticed a yak
  4322 | D:6      | Noticed a yak
  4322 | D:6      | Noticed a yak
  4341 | D:6      | Killed a yak
  4510 | D:6      | Reached XP level 9. HP: 51/67 MP: 0/0
  4510 | D:6      | Learned a level 4 spell: Manifold Assault
  4522 | D:6      | Reached skill level 7 in Fighting
  4525 | D:6      | Reached * piety under Makhleb
  4902 | D:6      | Found a basalt altar of Yredelemnul.
  5166 | D:7      | Found an opulent altar of Gozag.
  5509 | D:7      | Reached skill level 8 in Fighting
  5602 | D:2      | Bought a jewelled long sword for 255 gold pieces
  5602 | D:2      | Identified the +5 long sword "Kyamefyg" {venom, Int+5} (You
                  | bought it in a shop on level 2 of the Dungeon)
  5789 | D:7      | Reached skill level 1 in Armour
  5800 | D:7      | Reached ** piety under Makhleb
  6002 | D:8      | Reached XP level 10. HP: 72/76 MP: 0/0
  6015 | D:8      | Noticed Prince Ribbit
  6020 | D:8      | Killed Prince Ribbit
  6080 | D:8      | Reached skill level 9 in Fighting
  6535 | D:8      | Noticed a boulder beetle
  6540 | D:8      | Found a transporter.
  6540 | D:8      | Noticed Quickbrownfox's ghost (novice OpSh)
  6602 | D:8      | Found a transporter.
  7337 | D:9      | Noticed a deep elf pyromancer
  7523 | D:9      | Reached *** piety under Makhleb
  7535 | D:9      | Found a sacrificial altar of Ru.
  7547 | D:9      | Reached skill level 10 in Fighting
  7557 | D:9      | Found a broken altar of Ashenzari.
  7871 | D:9      | Reached XP level 11. HP: 85/85 MP: 0/0
  7871 | D:9      | Learned a level 4 spell: Dispel Undead
  7883 | D:9      | Noticed a cyclops
  7889 | D:9      | Killed a cyclops
  8073 | D:9      | Killed a deep elf pyromancer
  8199 | D:9      | Noticed a centaur warrior
  8210 | D:9      | Killed a centaur warrior
  8270 | D:9      | Found a hazy altar of Hepliaklqana.
  8372 | D:9      | Noticed a seven-headed hydra
  8439 | D:9      | Killed a seven-headed hydra
  8440 | D:9      | Reached skill level 11 in Fighting
  8440 | D:9      | Reached skill level 5 in Armour
  8543 | D:9      | Noticed a white ugly thing
  8555 | D:9      | Killed a white ugly thing
  8863 | D:10     | Entered Level 10 of the Dungeon
  9044 | D:10     | Noticed a two-headed ogre
  9250 | D:10     | Killed a two-headed ogre
  9251 | D:10     | Reached skill level 10 in Earth Magic
  9285 | D:10     | Reached XP level 12. HP: 92/95 MP: 0/0
  9499 | D:10     | Reached skill level 12 in Fighting
  9517 | D:10     | Found a staircase to the Lair.
  9833 | Lair:1   | Entered Level 1 of the Lair of Beasts
  9996 | Lair:1   | Reached **** piety under Makhleb
 10235 | Lair:1   | Noticed Fannar
 10470 | Lair:2   | Reached skill level 10 in Spellcasting
 10470 | Lair:2   | Reached skill level 10 in Conjurations
 10470 | Lair:2   | Reached skill level 10 in Hexes
 10470 | Lair:2   | Reached skill level 10 in Summonings
 10470 | Lair:2   | Reached skill level 10 in Necromancy
 10470 | Lair:2   | Reached skill level 10 in Translocations
 10470 | Lair:2   | Reached skill level 10 in Fire Magic
 10470 | Lair:2   | Reached skill level 10 in Ice Magic
 10470 | Lair:2   | Reached skill level 10 in Air Magic
 10470 | Lair:2   | Reached skill level 10 in Alchemy
 10619 | Lair:2   | Noticed Sonja
 10625 | Lair:2   | Killed Sonja
 10626 | Lair:2   | Reached skill level 13 in Fighting
 10748 | Lair:2   | Noticed a death yak
 10773 | Lair:2   | Killed a death yak
 10925 | Lair:2   | Noticed a death yak
 10927 | Lair:2   | Noticed a death yak
 10932 | Lair:2   | Noticed a death yak
 10934 | Lair:2   | Noticed a death yak
 10937 | Lair:2   | Killed a death yak
 10938 | Lair:2   | Reached XP level 13. HP: 69/103 MP: 0/0
 10938 | Lair:2   | Learned a level 5 spell: Curse of Agony
 11446 | Lair:3   | Identified a scroll of acquirement
 11451 | Lair:3   | Reached ***** piety under Makhleb
 11533 | Lair:3   | Found a gate leading to a gauntlet.
 11542 | Gauntlet | Entered a Gauntlet
 11542 | Gauntlet | Found a transporter.
 11551 | Gauntlet | Found a transporter.
 11566 | Gauntlet | Found a transporter.
 11571 | Gauntlet | Found a transporter.
 11586 | Gauntlet | Found a transporter.
 11605 | Gauntlet | Found a transporter.
 11617 | Gauntlet | Found a transporter.
 11620 | Gauntlet | Noticed a hell beast
 11633 | Gauntlet | Found a transporter.
 11635 | Gauntlet | Found a transporter.
 11658 | Gauntlet | Found a transporter.
 11663 | Gauntlet | Found a transporter.
 11667 | Gauntlet | Found a transporter.
 11688 | Gauntlet | Found a transporter.
 11707 | Gauntlet | Found a transporter.
 11715 | Gauntlet | Found a transporter.
 11715 | Gauntlet | Found a transporter.
 11761 | Gauntlet | Found a transporter.
 11790 | Gauntlet | Noticed a catoblepas
 11796 | Gauntlet | Found a transporter.
 11924 | Gauntlet | HP: 4/90 [laughing skull (3)]
 11925 | Gauntlet | Killed from afar by a laughing skull

Illustrated notes

Levels and vault maps discovered:
D:1:      mrwooster_arrival_arrow, layout_basic
D:2:      layout_loops_ring, serial_shops, shop, dreamdust_princess_bridge
D:3:      layout_basic, nicolae_underground_beach
D:4:      layout_loops_cross, fiery_altar_vehumet,
          minmay_temple_entry_gardened_gates, kennysheep_generic_room_9,
          uniq_blork_the_orc
D:5:      layout_basic, grunt_decor_mini_mirrors, nicolae_fountain_basement
D:6:      layout_loops_ring, kennysheep_mini_moat
D:7:      layout_gridville, overflow_temple_1_default, amcnicky_mini_pool_small,
          grunt_ministairs_3, nicolae_letterblocks [nicolae_letter_subblock,
          nicolae_letter_subblock, nicolae_letter_subblock,
          nicolae_letter_subblock, nicolae_letter_subblock,
          nicolae_letter_subblock, nicolae_letter_subblock,
          nicolae_letter_subblock, nicolae_letter_subblock,
          nicolae_letter_subblock, nicolae_letter_subblock,
          nicolae_letter_subblock, nicolae_letter_subblock,
          nicolae_letter_subblock, nicolae_letter_subblock,
          nicolae_letter_subblock, nicolae_letter_subblock,
          nicolae_letter_subblock, nicolae_letter_subblock,
          nicolae_letter_subblock, nicolae_letter_subblock,
          nicolae_letter_subblock, nicolae_letter_subblock,
          nicolae_letter_subblock, nicolae_letter_subblock]
D:8:      layout_basic, gammafunk_ghost_arena, uniq_prince_ribbit1
D:9:      minmay_tri_box, layout_loops_ring, mainiacjoe_overflow_catch_the_wave,
          old_standard_altar
D:10:     layout_long_grid, erik_lair_orcish_takeover
Temple:   eino_temple_rhombus
Lair:1:   layout_regular_city, uniq_fannar
Lair:2:   layout_misc_corridors, infiniplex_staircase_pool, lemuel_fruit_tree,
          grunt_megastairs_3, uniq_sonja
Lair:3:   layout_cave_pods, elwin_shoals_entry_stream, dummy_spider_entry,
          gauntlet_entry_generic
Gauntlet: gammafunk_gauntlet_one_two_three [gammafunk_gauntlet_arena_teeth,
          nicolae_gauntlet_arena_t_cross, gammafunk_gauntlet_arena_grid,
          gammafunk_gauntlet_arena_open, nicolae_gauntlet_arena_x,
          nicolae_gauntlet_arena_quarters, gammafunk_gauntlet_arena_chambers,
          nicolae_gauntlet_swirl, gammafunk_gauntlet_arena_spirals,
          nicolae_gauntlet_exit_dead_adventurers]

Skill      XL: |  1  2  3  4  5  6  7  8  9 10 11 12 |
---------------+-------------------------------------+-----
Stealth        | 2 |  2.0
Fighting       | 1 2 3 4 6 8 10 11 13 | 13.5
Dodging        | 3 |  3.2
Shields        | 1 2 4 |  4.9
Spellcasting   | 4 5 6 8 9 10 | 10.5
Conjurations   | 4 5 6 8 9 10 | 10.5
Hexes          | 4 5 6 8 9 10 | 10.5
Summonings     | 4 5 6 8 9 10 | 10.5
Necromancy     | 4 5 6 8 9 10 | 10.5
Translocations | 4 5 6 8 9 10 | 10.5
Fire Magic     | 4 5 6 8 9 10 | 10.5
Ice Magic      | 4 5 6 8 9 10 | 10.5
Air Magic      | 4 5 6 8 9 10 | 10.5
Earth Magic    | 4 5 6 8 10 12 | 12.2
Alchemy        | 4 5 6 8 9 10 | 10.5
Armour         | 1 4 5 7 |  7.5

Action                     |  1- 3 |  4- 6 |  7- 9 | 10-12 | 13-15 || total
---------------------------+-------+-------+-------+-------+-------++-------
  Melee: Long sword        |       |       |     4 |       |       ||     4
   Cast: Foxfire           |    70 |   127 |   166 |   368 |    16 ||   747
         Scorch            |     9 |    15 |    24 |    60 |     4 ||   112
         Flame Wave        |       |       |     8 |    41 |     7 ||    56
         Volatile Blastmot |       |       |     2 |     3 |       ||     5
    Use: Scroll            |       |     1 |     7 |     2 |     5 ||    15
         Potion            |       |       |     3 |       |     1 ||     4
 Armour: Robe              |     2 |     3 |    15 |       |       ||    20
         Steam dragon scal |       |       |    10 |    69 |    23 ||   102
         Skin              |       |       |     5 |       |       ||     5
  Dodge: Dodged            |     6 |     2 |    36 |   110 |    21 ||   175
         Repelled          |       |     1 |     1 |       |       ||     2
